 Dungeon Crawl Stone Soup version 0.28-a0-750-g7c675f85b1 (webtiles) character file.

Game seed: 3167051153134677090

783 KoroneIsBestGirl the Chiller (level 7, -1/41 HPs)
             Began as an Octopode Ice Elementalist on Oct 29, 2021.
             Was an Initiate of Gozag.
             Engulfed by a steam dragon's steam (8 damage)
             ... on level 4 of the Dungeon.
             The game lasted 00:06:00 (5971 turns).

KoroneIsBestGirl the Chiller (OpIE)                 Turns: 5971, Time: 00:06:01

Health: -1/41      AC:  1    Str:  7    XL:     7   Next: 86%
Magic:  9/14       EV: 16    Int: 19    God:    Gozag
Gold:   324        SH:  0    Dex: 19    Spells: 11/15 levels left

rFire   . . .      SeeInvis .   i - +4 quarterstaff (chaos)
rCold   . . .      Faith    .   (shield currently unavailable)
rNeg    + . .      Spirit   .   (helmet restricted)
rPois   .          Reflect  .   (no amulet)
rElec   .          Harm     .   g - ring of positive energy
rCorr   .          Rampage  .   n - +6 ring of dexterity
Will    .....                   (no ring)
Stlth   +++.......              (no ring)
HPRegen 0.13/turn               (no ring)
MPRegen 0.14/turn               (no ring)
                                (no ring)
                                (no ring)

@: freezing walls
A: almost no armour, amphibious, 8 rings, camouflage 1, gelatinous body 1,
(nimble swimmer 1), tentacles
a: Renounce Religion, Potion Petition, Call Merchant, Bribe Branch


You were on level 4 of the Dungeon.
You worshipped Gozag.
Gozag was aware of your devotion.
You visited 2 branches of the dungeon, and saw 5 of its levels.

You collected 383 gold pieces.
You donated 6 gold pieces to Zin.
You paid 53 gold pieces to Gozag.

Inventory:

Hand Weapons
 d - a +0 dagger
 i - a +4 quarterstaff of chaos (weapon)
Jewellery
 g - a ring of positive energy (left tentacle)
 n - a +6 ring of dexterity (right tentacle)
Wands
 l - a wand of mindburst (5)
Scrolls
 a - 2 scrolls of teleportation {unknown}
 c - a scroll of amnesia {unknown}
 e - 4 scrolls of identify {unknown}
 f - a scroll of magic mapping {unknown}
 j - a scroll of blinking {unknown}
 k - a scroll of noise {unknown}
 o - a scroll of fear {unknown}
Potions
 b - a potion of attraction {unknown}
 h - a potion of resistance {unknown}
 m - a potion of curing {unknown}


   Skills:
 + Level 5.2 Dodging
 - Level 2.6 Stealth
 + Level 4.8 Spellcasting
 + Level 6.3 Ice Magic


You had 11 spell levels left.
You knew the following spells:

 Your Spells              Type           Power      Damage    Failure   Level
a - Freeze                Ice            100%       1d11      1%          1
b - Frozen Ramparts       Ice            56%        1d7       2%          3

Your spell library contained the following spells:

 Spells                   Type           Power      Damage    Failure   Level
 Ozocubu's Armour         Ice            28%        N/A       2%          3
 Hailstorm                Conj/Ice       16%        3d6       34%         4
 Call Canine Familiar     Summ           4%         N/A       36%         3
 Portal Projectile        Hex/Tloc       8%         N/A       36%         3
 Leda's Liquefaction      Hex/Erth       2%         N/A       77%         4


Dungeon Overview and Level Annotations

Branches:
Dungeon (4/15)             Temple (1/1) D:4

Altars:
Elyvilon
Gozag
Hepliaklqana
Kikubaaqudgha
Nemelex Xobeh
Qazlal
Ru
Vehumet
Yredelemnul
Zin


Innate Abilities, Weirdness & Mutations

You cannot wear most types of armour.
You are amphibious.
You can wear up to eight rings at the same time.
Your skin changes colour to match your surroundings (Stealth+).
Your rubbery body absorbs attacks. (AC +1, EV +1)
((You are camouflaged near water. (Stealth+)))
You have tentacles for arms and can constrict up to eight enemies at once.


Message History

No target in view!
No target in view!
No target in view!
No target in view!
No target in view!
No target in view!
No target in view!
You now have 320 gold pieces (gained 6).
You now have 324 gold pieces (gained 4).
You see here a +0 dagger.
A steam dragon comes into view.
A steam dragon is nearby!
A steam dragon is nearby!
The steam dragon hisses angrily.
Casting: Freeze (safe; 1% risk of failure)
Confirm with . or Enter, or press ? or * to list all spells.
Casting: Frozen Ramparts (dangerous; 2% risk of failure)
Press: ? - help, Dir - look around, f - activate The walls around you are covered in ice.
The wall freezes the steam dragon.
The steam dragon breathes steam at you. The ball of steam hits you!
You freeze the steam dragon.
The steam dragon is moderately wounded.
You are engulfed in a cloud of scalding steam.
The wall freezes the steam dragon.
The steam dragon bites you!
* * * LOW HITPOINT WARNING * * *
The steam dragon closely misses you.
You are too injured to fight recklessly!
You are too injured to fight recklessly!
Casting: Freeze (safe; 1% risk of failure)
Confirm with . or Enter, or press ? or * to list all spells.
Aiming: Freeze (safe; 1% risk of failure)
Press: ? - help, Shift-Dir - straight line, f/p - steam dragon
Aim: a steam dragon (moderately wounded)
You freeze the steam dragon.
The steam dragon is moderately wounded.
You are engulfed in a cloud of scalding steam.
You die...
Your body crumbles into a pile of gold.

#.###.
........##.####...#.
..... .........####
..... .##>###...##
... #.....# ...
##...## #.# ##.##
#D# #.#### #@#
#.##.. #§# ##'##..
#§# ##...#.. ##.###
##....... #..#.##
##........
#.#...####.........
#........+.........
#......###.........
####)#.# ##........


You could see a steam dragon.

Vanquished Creatures
  2 black bears (D:4)
  An ogre (D:4)
  2 elf skeletons (D:4)
  A crimson imp (D:4)
  Crazy Yiuf (D:2)
  4 human skeletons (D:4)
  4 gnolls (D:3)
  A howler monkey skeleton (D:4)
  5 adders
  4 river rats (D:3)
  2 worms (D:3)
  2 dart slugs (D:3)
  4 orcs (D:4)
  8 ball pythons
  3 bats
  10 endoplasms
  4 giant cockroaches
  13 goblins
  8 hobgoblins
  4 kobolds
  2 quokkas
  A jackal skeleton (D:4)
  15 rats
101 creatures vanquished.

Notes
Turn   | Place    | Note
-------+----------+-------------------------------------------
     0 | D:1      | KoroneIsBestGirl the Octopode Ice Elementalist began the
                  | quest for the Orb.
     0 | D:1      | Reached XP level 1. HP: 11/11 MP: 3/3
   157 | D:1      | Reached XP level 2. HP: 17/17 MP: 0/5
   634 | D:1      | Found a faded altar of an unknown god.
   642 | D:1      | Prayed at the altar of an unknown god.
   642 | D:1      | Became a worshipper of Zin the Law-Giver
   642 | D:1      | Reached * piety under Zin
  1467 | D:2      | Reached XP level 3. HP: 21/21 MP: 4/6
  1471 | D:2      | Learned a level 3 spell: Frozen Ramparts
  1602 | D:2      | Found a runed translucent door.
  1603 | D:2      | Noticed Crazy Yiuf
  2104 | D:2      | Killed Crazy Yiuf
  2105 | D:2      | Reached XP level 4. HP: 17/27 MP: 1/8
  2305 | D:2      | Fell from the grace of Zin
  3048 | D:3      | Reached XP level 5. HP: 23/31 MP: 9/9
  3145 | D:3      | Reached skill level 5 in Ice Magic
  4257 | D:4      | Reached XP level 6. HP: 35/36 MP: 11/11
  4327 | D:4      | Found a staircase to the Ecumenical Temple.
  4355 | Temple   | Entered the Ecumenical Temple
  4442 | Temple   | Became a worshipper of Gozag Ym Sagoz the Greedy
  4889 | D:4      | Reached XP level 7. HP: 38/41 MP: 13/13
  5028 | D:4      | Reached skill level 6 in Ice Magic
  5225 | D:4      | Reached skill level 5 in Dodging
  5351 | D:4      | HP: 1/41 [black bear (7)]
  5964 | D:4      | Noticed a steam dragon
  5971 | D:4      | Engulfed by a steam dragon's steam

Illustrated notes

Levels and vault maps discovered:
D:1:      shiori_arrival_elements, layout_loops_ring,
          hellmonk_ecumenical_altar_run_dry, minmay_tromino_v7
D:2:      layout_rooms, minmay_rat_gold_closets, uniq_crazy_yiuf_cottage
D:3:      layout_loops_ring, serial_co_window_serial,
          co_window_of_opportunity_a, co_window_paths_a, co_window_corner_a,
          co_window_paths_a, co_window_paths_a, co_window_unsneaky_path_b,
          co_window_2corner, co_window_corner_b, co_window_broadway_a,
          co_window_unsneaky_path_d, co_window_2corner, glass_columns_a,
          glass_columns_a, portal_sewer_entry_e, hangedman_glass_teeth
D:4:      black_bear_nest_1, layout_loops_corners,
          minmay_temple_entry_stoned_glass, nicolae_ossuary_entry_catacombs,
          st_stairs_7, minmay_ogre_servants
Temple:   oiseaux_autumnal_temple

Skill      XL: |  1  2  3  4  5  6  7 |
---------------+----------------------+-----
Dodging        | 3 4 5 |  5.2
Spellcasting   | 3 4 |  4.8
Ice Magic      | 5 6 |  6.3
Stealth        | |  2.6

Action                   |  1- 3 |  4- 6 |  7- 9 || total
-------------------------+-------+-------+-------++-------
Melee: Dagger            |    20 |     2 |       ||    22
       Unarmed           |     4 |       |       ||     4
       Tentacles         |     6 |    11 |     8 ||    25
       Constrict         |     5 |    26 |     7 ||    38
       Quarterstaff      |       |    84 |    28 ||   112
 Cast: Freeze            |    37 |    10 |    11 ||    58
       Frozen Ramparts   |     1 |     1 |     1 ||     3
Invok: Renounce Religion |       |     1 |       ||     1
 Stab: Sleeping          |     2 |     8 |     5 ||    15
Armor: Skin              |     5 |     3 |     3 ||    11
Dodge: Dodged            |    34 |    45 |    37 ||   116

Table legend: (Time is in decaauts)
 A = Elapsed time spent in this place.
 B = Non-inter-level travel time spent in this place.
 C = Inter-level travel time spent in this place.
 D = Time resting spent in this place.
 E = Time spent auto-exploring this place.
 F = Levels seen in this place.
 G = Mean time per level.
                   A        B        C        D        E       F      G
               +--------+--------+--------+--------+--------+-----+--------+
         Total |   6002 |   5762 |    240 |      0 |   5109 |   5 | 1200.4 |
       Dungeon |   5879 |   5680 |    199 |      0 |   5038 |   4 | 1469.8 |
        Temple |    122 |     81 |     41 |      0 |     71 |   1 |  122.0 |
               +--------+--------+--------+--------+--------+-----+--------+

Top non-repeatable levels by time:
     D:4: 1867 daAuts
     D:3: 1644 daAuts
     D:1: 1243 daAuts
     D:2: 1124 daAuts
  Temple: 122 daAuts
